 Dungeon Crawl Stone Soup version 0.18-a0-1702-gd20c6a5 (webtiles) character file.

77 dvd the Skirmisher (level 4, -1/38 HPs)
             Began as a Formicid Abyssal Knight on Apr 7, 2016.
             Was a Believer of Lugonu.
             Killed from afar by a white imp (10 damage)
             ... with a puff of frost
             ... summoned by Natasha
             ... on level 2 of the Dungeon.
             The game lasted 00:03:07 (1151 turns).

dvd the Skirmisher (Formicid Abyssal Knight)        Turns: 1151, Time: 00:03:08

Health: -1/38      AC:  4    Str: 16    XL:     4   Next: 60%
Magic:  5/5        EV: 11    Int: 12    God:    Lugonu [**....]
Gold:   82         SH:  0    Dex: 11    Spells: 0 memorised, 3 levels left

rFire  . . .     SeeInvis +     a - +1 mace
rCold  . . .     Gourm    .     b - +0 leather armour
rNeg   . . .     Faith    .     (no shield)
rPois  .         Spirit   .     (helmet unavailable)
rElec  .         Dismiss  .     h - +0 cloak
rCorr  .         Reflect  .     (no gloves)
SustAt .         Harm     .     (no boots)
MR     .....                    (no amulet)
Stlth  +.........               (no ring)
                                (no ring)

@: not resistant to hostile enchantments, very unstealthy
A: permanent stasis, dig shafts and tunnels, four strong arms, antennae 3
a: Dig, Shaft Self, Depart the Abyss, Bend Space, Renounce Religion


You were on level 2 of the Dungeon.
You worshipped Lugonu.
Lugonu was pleased with you.
You were not hungry.

You visited 1 branch of the dungeon, and saw 2 of its levels.
You visited the Abyss 1 time.

You collected 82 gold pieces.

Inventory:

Hand Weapons
 a - a +1 mace (weapon)
Armour
 b - a +0 leather armour (worn)
 h - a +0 cloak (worn)
Scrolls
 l - a scroll of enchant armour {unknown}
Potions
 e - 2 potions of heal wounds
 f - a potion of lignification {unknown}
 g - a potion of curing {unknown}
 m - a potion of mutation {unknown}
Comestibles
 c - a bread ration
 d - a chunk of flesh
 i - 3 fruits
 j - a royal jelly
 k - a meat ration


   Skills:
 + Level 4.3 Fighting
 + Level 2.8 Maces & Flails
 + Level 2.9 Armour
 + Level 1.1 Dodging
 + Level 2.4 Invocations


You had 3 spell levels left.
You didn't know any spells.

Dungeon Overview and Level Annotations

Branches:
Dungeon (2/15)

Altars:
Ashenzari
Dithmenos
Elyvilon
Fedhas
Kikubaaqudgha
Makhleb
Qazlal
Ru
Trog
Xom
The Shining One

Annotations:
D:2 Natasha


Innate Abilities, Weirdness & Mutations

You are under a permanent stasis effect.
You can dig through walls and to a lower floor.
Your four strong arms can wield two-handed weapons with a shield.
You have a pair of large antennae on your head (SInv).


Message History

Natasha is almost dead.
Natasha casts a spell at you. The magic dart hits you! The shadow imp hits you.
* * * LOW HITPOINT WARNING * * *
Natasha casts a spell.
The shadow imp hits you but does no damage.
You hit Natasha.
Natasha is almost dead.
Natasha barely misses you. The white imp barely misses you.
The shadow imp misses you.
You closely miss Natasha.
Natasha is almost dead.
Natasha closely misses you. The white imp barely misses you.
The shadow imp closely misses you.
You hit Natasha but do no damage.
Natasha is almost dead.
Natasha claws you but does no damage. The white imp gestures at you.
The puff of frost hits you!
You die...

. #.########.###
#...[...#....##
...............
#รท# #
##########..#.##..
......5..<.........
#.##.#@.#..#.#####
.# #.#h5#.##.# .
#.##.#.# # .
####....#.. .
#.....##### #
#.###.....#### #
#.#.#....# ####
###.#.##.#######...
#...#.##.##....#.#.


You could see Natasha, a white imp and a shadow imp.

Vanquished Creatures
  Natasha (twice) (D:2)
  2 dart slugs (D:2)
  2 giant geckos
  2 bats
  A giant cockroach (D:1)
  2 goblins (D:1)
  2 hobgoblins (D:2)
  4 kobolds (D:1)
  2 ball pythons
  A giant newt (D:2)
  4 rats
24 creatures vanquished.

Notes
Turn   | Place    | Note
--------------------------------------------------------------
     0 | Abyss:1  | dvd the Formicid Abyssal Knight began the quest for the Orb.
     0 | Abyss:1  | Reached XP level 1. HP: 18/18 MP: 2/2
    11 | D:1      | Escaped the Abyss
   229 | D:1      | Reached XP level 2. HP: 22/24 MP: 3/3
   314 | D:1      | Reached skill level 1 in Dodging
   606 | D:2      | Noticed Natasha
   608 | D:2      | Noticed a crimson imp
   615 | D:2      | Killed Natasha
   615 | D:2      | Reached XP level 3. HP: 22/30 MP: 4/4
   705 | D:2      | Found a glowing golden altar of the Shining One.
   706 | D:2      | Found a shadowy altar of Dithmenos.
   708 | D:2      | Found a white marble altar of Elyvilon.
   712 | D:2      | Found a blossoming altar of Fedhas.
   714 | D:2      | Found a shattered altar of Ashenzari.
   714 | D:2      | Found a sacrificial altar of Ru.
   714 | D:2      | Found a stormy altar of Qazlal.
   714 | D:2      | Found a shimmering altar of Xom.
   717 | D:2      | Found an ancient bone altar of Kikubaaqudgha.
   718 | D:2      | Found a bloodstained altar of Trog.
   726 | D:2      | Found a burning altar of Makhleb.
   807 | D:2      | Reached ** piety under Lugonu
   893 | D:2      | Reached skill level 4 in Fighting
   893 | D:2      | Reached XP level 4. HP: 34/37 MP: 5/5
   894 | D:2      | Noticed Natasha
   907 | D:2      | Killed Natasha
  1137 | D:2      | Noticed Natasha
  1151 | D:2      | Killed from afar by a white imp

Vault maps used:
D:1:      lemuel_arrival_cross, serial_glass, glass_columns_a, glass_columns_c,
          hangedman_abyss_or_decor_stabs, grunt_decor_arrowhead,
          minmay_liquid_box
D:2:      minitemple, uniq_natasha, uniq_crazy_yiuf_cottage

Skill      XL: |  1  2  3 |
---------------+----------+-----
Dodging        | 1 |  1.1
Fighting       | 4 |  4.3
Maces & Flails | |  2.8
Armour         | |  2.9
Invocations    | |  2.4

Action                   |  1- 3 |  4- 6 || total
-------------------------+-------+-------++-------
Melee: Mace              |    49 |    34 ||    83
 Stab: Sleeping          |     1 |       ||     1
  Eat: Chunk             |       |     1 ||     1
